SL
SAN MATEO DIRTY REDS @ HOLLYWOOD SHREDDERS
05/08/2038
 
TOP OF THE 1ST
San Mateo Dirty Reds batting - Pitching for Hollywood Shredders : RHP David Buchanan
Pitching: RHP David Buchanan
Batting: RHB Paul Tate 0-0: Called Strike
0-1: Foul Ball, location: 2F
0-2: Strikes out swinging
Batting: RHB Kameron Guangorena 0-0: Fly out, F8 (Flyball, 8LM, EV 94.4 MPH)
Batting: SHB Dylan Carson 0-0: Ball
1-0: Called Strike
1-1: Called Strike
1-2: Ball
2-2: Foul Ball, location: 2F
2-2: Ball
3-2: Strikes out swinging
Top of the 1st over - 0 runs, 0 hits, 0 errors, 0 left on base; San Mateo 0 - Hollywood 0
BOTTOM OF THE 1ST
Hollywood Shredders batting - Pitching for San Mateo Dirty Reds : RHP Lorenzo Fabián
Pitching: RHP Lorenzo Fabián
Batting: RHB Guillermo Coss 0-0: Called Strike
0-1: Foul Ball, location: 2F
0-2: Foul Ball, location: 2F
0-2: Ball
1-2: Fly out, F9 (Flyball, 9, EV 77.5 MPH)
Batting: LHB Scott Kerin 0-0: Called Strike
0-1: Foul Ball, location: 2F
0-2: Ball
1-2: Ball
2-2: Ball
3-2: Foul Ball, location: 2F
3-2: Ground out 4-3 (Groundball, 4S, EV 85.0 MPH)
Batting: RHB Baldomero Avino 0-0: Ball
1-0: Ball
2-0: Called Strike
2-1: Called Strike
2-2: Ball
3-2: Foul Ball, location: 2F
3-2: Foul Ball, location: 2F
3-2: Base on Balls
Batting: LHB Kanko Umaba 0-0: Ball
1-0: Called Strike
1-1: Swinging Strike
1-2: Ball
2-2: Ball
3-2: Fly out, F8 (Flyball, 8RD, EV 101.9 MPH)
Bottom of the 1st over - 0 runs, 0 hits, 0 errors, 1 left on base; San Mateo 0 - Hollywood 0
TOP OF THE 2ND
San Mateo Dirty Reds batting - Pitching for Hollywood Shredders : RHP David Buchanan
Batting: LHB Palaie Gaoteote 0-0: Ball
1-0: Ball
2-0: Called Strike
2-1: Ground out U3 (Groundball, 3L, EV 84.4 MPH)
Batting: RHB Hugh Mungus 0-0: Ball
1-0: Called Strike
1-1: Ground out 5-3 (Groundball, 5, EV 81.2 MPH)
Batting: RHB Nelson Jaramillo 0-0: Ball
1-0: Foul Ball, location: 2F
1-1: Called Strike
1-2: Ball
2-2: Ball
3-2: Ground out U3 (Groundball, 3, EV 101.2 MPH)
Top of the 2nd over - 0 runs, 0 hits, 0 errors, 0 left on base; San Mateo 0 - Hollywood 0
BOTTOM OF THE 2ND
Hollywood Shredders batting - Pitching for San Mateo Dirty Reds : RHP Lorenzo Fabián
Batting: LHB Divine Diablo 0-0: Ball
1-0: Ground out 4-3 (Groundball, 34, EV 81.2 MPH)
Batting: RHB Jon Osterman 0-0: Fly out, F9 (Flyball, 9S, EV 88.8 MPH)
Batting: LHB Chris Payling 0-0: Foul Ball, location: 2F
0-1: Foul Ball, location: 2F
0-2: Ground out 4-3 (Groundball, 34D, EV 101.2 MPH)
Bottom of the 2nd over - 0 runs, 0 hits, 0 errors, 0 left on base; San Mateo 0 - Hollywood 0
TOP OF THE 3RD
San Mateo Dirty Reds batting - Pitching for Hollywood Shredders : RHP David Buchanan
Batting: RHB Iván Vega 0-0: Ball
1-0: Foul Ball, location: 2F
1-1: Foul Ball, location: 2F
1-2: Foul Ball, location: 2F
1-2: Foul Ball, location: 2F
1-2: Ball
2-2: Foul Ball, location: 2F
2-2: Strikes out swinging
Batting: RHB Kevin Baxter 0-0: Called Strike
0-1: Called Strike
0-2: Strikes out looking
Batting: SHB Arvo Helminen 0-0: Called Strike
0-1: Swinging Strike
0-2: Ball
1-2: Ball
2-2: Strikes out looking
Top of the 3rd over - 0 runs, 0 hits, 0 errors, 0 left on base; San Mateo 0 - Hollywood 0
BOTTOM OF THE 3RD
Hollywood Shredders batting - Pitching for San Mateo Dirty Reds : RHP Lorenzo Fabián
Batting: RHB James Hemwick 0-0: Ground out 4-3 (Groundball, 4, EV 83.1 MPH)
Batting: SHB Alexei Ponikarov 0-0: Fly out, F9 (Flyball, 9S, EV 86.9 MPH)
Batting: RHB Guillermo Coss 0-0: Ball
1-0: Foul Ball, location: 2F
1-1: SINGLE (Line Drive, 34, EV 108.1 MPH)
Batting: LHB Scott Kerin 0-0: Ball
1-0: Ball
2-0: Swinging Strike
2-1: Ball
3-1: Foul Ball, location: 2F
3-2: Foul Ball, location: 2F
3-2: Foul Ball, location: 2F
3-2: Ground out 1-3 (Groundball, P, EV 73.1 MPH)
Bottom of the 3rd over - 0 runs, 1 hit, 0 errors, 1 left on base; San Mateo 0 - Hollywood 0
TOP OF THE 4TH
San Mateo Dirty Reds batting - Pitching for Hollywood Shredders : RHP David Buchanan
Batting: RHB Paul Tate 0-0: Called Strike
0-1: Ball
1-1: Called Strike
1-2: Ball
2-2: Ball
3-2: Foul Ball, location: 2F
3-2: Foul Ball, location: 2F
3-2: Foul Ball, location: 2F
3-2: Ground out 2-3 (Groundball, 15S, EV 63.1 MPH)
Batting: RHB Kameron Guangorena 0-0: Called Strike
0-1: Ball
1-1: Ball
2-1: Ball
3-1: Ground out 6-3 (Groundball, 6, EV 101.9 MPH)
Batting: SHB Dylan Carson 0-0: Called Strike
0-1: Ball
1-1: Swinging Strike
1-2: Ball
2-2: Ball
3-2: Ground out 4-3 (Groundball, 34D, EV 108.1 MPH)
Top of the 4th over - 0 runs, 0 hits, 0 errors, 0 left on base; San Mateo 0 - Hollywood 0
BOTTOM OF THE 4TH
Hollywood Shredders batting - Pitching for San Mateo Dirty Reds : RHP Lorenzo Fabián
Batting: RHB Baldomero Avino 0-0: Foul Ball, location: 2F
0-1: Ball
1-1: Ball
2-1: Ball
3-1: Ground out 5-3 (Groundball, 56, EV 106.9 MPH)
Batting: LHB Kanko Umaba 0-0: Called Strike
0-1: Called Strike
0-2: Ball
1-2: Ground out 1-3 (Groundball, 23, EV 63.8 MPH)
Batting: LHB Divine Diablo 0-0: Fly out, F8 (Line Drive, 8LD, EV 105.6 MPH)
Bottom of the 4th over - 0 runs, 0 hits, 0 errors, 0 left on base; San Mateo 0 - Hollywood 0
TOP OF THE 5TH
San Mateo Dirty Reds batting - Pitching for Hollywood Shredders : RHP David Buchanan
Batting: LHB Palaie Gaoteote 0-0: Called Strike
0-1: Swinging Strike
0-2: Ball
1-2: Ball
2-2: Ground out 1-3 (Groundball, 34S, EV 70.0 MPH)
Batting: RHB Hugh Mungus 0-0: Ball
1-0: Ball
2-0: Called Strike
2-1: Foul Ball, location: 2F
2-2: Foul Ball, location: 2F
2-2: Strikes out swinging
Batting: RHB Nelson Jaramillo 0-0: Called Strike
0-1: Ground out 6-3 (Groundball, 6, EV 90.0 MPH)
Top of the 5th over - 0 runs, 0 hits, 0 errors, 0 left on base; San Mateo 0 - Hollywood 0
BOTTOM OF THE 5TH
Hollywood Shredders batting - Pitching for San Mateo Dirty Reds : RHP Lorenzo Fabián
Batting: RHB Jon Osterman 0-0: Ball
1-0: Ground out 6-3 (Groundball, 56, EV 101.2 MPH)
Batting: LHB Chris Payling 0-0: Fly out, F7 (Flyball, 7D, EV 95.6 MPH)
Batting: RHB James Hemwick 0-0: Called Strike
0-1: Ball
1-1: Swinging Strike
1-2: Ball
2-2: Ball
3-2: Foul Ball, location: 2F
3-2: Foul Ball, location: 2F
3-2: SINGLE (Line Drive, 5D, EV 97.5 MPH)
Pitching: RHP Ignacio Ayala
Batting: SHB Alexei Ponikarov 0-0: Called Strike
0-1: Called Strike
0-2: Foul Ball, location: 2F
0-2: Fly out, F7 (Line Drive, 7S, EV 90.6 MPH)
Bottom of the 5th over - 0 runs, 1 hit, 0 errors, 1 left on base; San Mateo 0 - Hollywood 0
TOP OF THE 6TH
San Mateo Dirty Reds batting - Pitching for Hollywood Shredders : RHP David Buchanan
Batting: RHB Iván Vega 0-0: Ball
1-0: Called Strike
1-1: Ball
2-1: Swinging Strike
2-2: Foul Ball, location: 2F
2-2: Strikes out swinging
Batting: RHB Kevin Baxter 0-0: Called Strike
0-1: Swinging Strike
0-2: Strikes out looking
Batting: SHB Arvo Helminen 0-0: Ball
1-0: Foul Ball, location: 2F
1-1: Foul Ball, location: 2F
1-2: Ball
2-2: Ball
3-2: Strikes out looking
Top of the 6th over - 0 runs, 0 hits, 0 errors, 0 left on base; San Mateo 0 - Hollywood 0
BOTTOM OF THE 6TH
Hollywood Shredders batting - Pitching for San Mateo Dirty Reds : RHP Ignacio Ayala
Batting: RHB Guillermo Coss 0-0: Called Strike
0-1: Called Strike
0-2: Ball
1-2: Fly out, F8 (Line Drive, 8RM, EV 101.9 MPH)
Batting: LHB Scott Kerin 0-0: Called Strike
0-1: Ball
1-1: Ball
2-1: Ball
3-1: Base on Balls
Batting: RHB Baldomero Avino 0-0: Swinging Strike
0-1: Ball
1-1: Ball
2-1: Ball
3-1: Base on Balls
Scott Kerin to second
Batting: LHB Kanko Umaba 0-0: Ball
1-0: Called Strike
1-1: Foul Ball, location: 2F
1-2: Ball
2-2: 3-RUN HOME RUN (Flyball, 7LD, EV 99.4 MPH), Distance : 346 ft
Pitching: RHP Matt Digby
Batting: LHB Divine Diablo 0-0: Ball
1-0: Ball
2-0: Ground out U3 (Groundball, 3, EV 105.0 MPH)
Batting: RHB Jon Osterman 0-0: Ball
1-0: SINGLE (Flyball, 34D, EV 100.0 MPH)
Batting: LHB Chris Payling 0-0: Ball
1-0: Ball
2-0: Fly out, F9 (Flyball, 9D, EV 95.6 MPH)
Bottom of the 6th over - 3 runs, 2 hits, 0 errors, 1 left on base; San Mateo 0 - Hollywood 3
TOP OF THE 7TH
San Mateo Dirty Reds batting - Pitching for Hollywood Shredders : RHP David Buchanan
Batting: RHB Paul Tate 0-0: Called Strike
0-1: Fly out, F8 (Flyball, 8RXD, EV 83.8 MPH)
Batting: RHB Kameron Guangorena 0-0: Ball
1-0: Swinging Strike
1-1: Fly out, F3 (Popup, 3L, EV 71.2 MPH)
Batting: SHB Dylan Carson 0-0: Swinging Strike
0-1: Ball
1-1: Swinging Strike
1-2: Foul Ball, location: 2F
1-2: Ball
2-2: Strikes out swinging
Top of the 7th over - 0 runs, 0 hits, 0 errors, 0 left on base; San Mateo 0 - Hollywood 3
BOTTOM OF THE 7TH
Hollywood Shredders batting - Pitching for San Mateo Dirty Reds : RHP Matt Digby
Pitching: LHP Urs Ehles
Batting: RHB James Hemwick 0-0: Swinging Strike
0-1: Foul Ball, location: 2F
0-2: Hit by Pitch
Batting: SHB Alexei Ponikarov 0-0: Ball
1-0: Called Strike
1-1: Called Strike
1-2: Strikes out looking
Batting: RHB Guillermo Coss 0-0: Ball
1-0: Ball
2-0: SINGLE (Flyball, 7S, EV 92.5 MPH)
James Hemwick to second
Batting: LHB Scott Kerin 0-0: Called Strike
0-1: Ball
1-1: Foul Ball, location: 2F
1-2: Ball
2-2: Strikes out swinging
Batting: RHB Baldomero Avino 0-0: Ball
1-0: Ball
2-0: Foul Ball, location: 2F
2-1: Ball
3-1: Foul Ball, location: 2F
3-2: Foul Ball, location: 2F
3-2: Foul Ball, location: 2F
3-2: Base on Balls
James Hemwick to third
Guillermo Coss to second
Batting: LHB Kanko Umaba 0-0: Foul Ball, location: 2F
0-1: Swinging Strike
0-2: Ball
1-2: Foul Ball, location: 2F
1-2: Ball
2-2: Ball
3-2: Fly out, F9 (Line Drive, 9, EV 83.8 MPH)
Bottom of the 7th over - 0 runs, 1 hit, 0 errors, 3 left on base; San Mateo 0 - Hollywood 3
TOP OF THE 8TH
San Mateo Dirty Reds batting - Pitching for Hollywood Shredders : RHP David Buchanan
Batting: LHB Palaie Gaoteote 0-0: Called Strike
0-1: Ball
1-1: Fly out, F1 (Line Drive, P, EV 75.0 MPH)
Batting: RHB Hugh Mungus 0-0: Ball
1-0: Called Strike
1-1: Ball
2-1: Swinging Strike
2-2: Strikes out swinging
Batting: RHB Nelson Jaramillo 0-0: Called Strike
0-1: Ball
1-1: Fly out, F8 (Flyball, 8LM, EV 90.0 MPH)
Top of the 8th over - 0 runs, 0 hits, 0 errors, 0 left on base; San Mateo 0 - Hollywood 3
BOTTOM OF THE 8TH
Hollywood Shredders batting - Pitching for San Mateo Dirty Reds : LHP Urs Ehles
Batting: LHB Divine Diablo 0-0: Swinging Strike
0-1: Ball
1-1: Foul Ball, location: 2F
1-2: Ball
2-2: Ground out 6-3 (Groundball, 56, EV 96.9 MPH)
Pitching: LHP Bob Mullinax
Batting: RHB Jon Osterman 0-0: Foul Ball, location: 2F
0-1: Foul Ball, location: 2F
0-2: Ground out 6-3 (Groundball, 6S, EV 81.2 MPH)
Batting: LHB Chris Payling 0-0: Foul Ball, location: 2F
0-1: Ball
1-1: Ball
2-1: Foul Ball, location: 2F
2-2: Ball
3-2: Foul Ball, location: 2F
3-2: Base on Balls
Batting: RHB James Hemwick 0-0: Ball
1-0: Ball
2-0: Called Strike
2-1: SINGLE (Groundball, 56, EV 98.8 MPH) (infield hit)
Chris Payling to second
Batting: SHB Alexei Ponikarov 0-0: Swinging Strike
0-1: Ball
1-1: 3-RUN HOME RUN (Flyball, 7D, EV 102.5 MPH), Distance : 393 ft
Batting: RHB Guillermo Coss 0-0: Called Strike
0-1: Ground out 4-3 (Groundball, 34D, EV 82.5 MPH)
Bottom of the 8th over - 3 runs, 2 hits, 0 errors, 0 left on base; San Mateo 0 - Hollywood 6
TOP OF THE 9TH
San Mateo Dirty Reds batting - Pitching for Hollywood Shredders : RHP David Buchanan
Batting: RHB Iván Vega 0-0: Swinging Strike
0-1: Foul Ball, location: 2F
0-2: Ball
1-2: Strikes out swinging
Batting: RHB Kevin Baxter 0-0: Ball
1-0: Fly out, F8 (Flyball, 8RD, EV 91.9 MPH)
Batting: SHB Arvo Helminen 0-0: Foul Ball, location: 2F
0-1: Called Strike
0-2: Ball
1-2: Ball
2-2: Strikes out swinging
Top of the 9th over - 0 runs, 0 hits, 0 errors, 0 left on base; San Mateo 0 - Hollywood 6
Friday, April 17th, 2020 - OOTP Baseball 20.8 Build 74